AoeStats
← KeepitReal33

Black Forest

503824274Analyzed
2v2 RM · 29d ago on Sep 2, 2026· 48m 5s· 4 players
Game mode
Random Map
Map size
Medium (4 player)
Population
200
Speed
Normal
Resources
Standard
Victory
Conquest
Starting age
Dark Age
Ending age
Imperial Age
RankedLock teamsTeams togetherTeam positionsShared explorationLock speedFull tech treeHidden civsTurbo modeCheats
Victory
Defeat
🇹🇼 Muisca · Taiwan
969
+16
🇹🇼 Byzantines · Taiwan
967
+16
🇺🇸 Huns · United States
1010
-51
🇪🇸 Persians · Spain
938
-15
KeepitReal33
8:44 Loom
13:02 Feudal Age
18:29 Castle Age
16:59 Horse Collar
17:27 Scale Barding Armor
18:52 Wheelbarrow
18:06 Town Watch
20:22 Double-Bit Axe
22:35 Bow Saw
24:11 Heavy Plow
24:41 Chain Barding Armor
26:15 Fletching
27:03 Husbandry
29:14 Marauders
30:08 Gold Mining
30:36 Hand Cart
31:16 Bloodlines
32:32 Gold Shaft Mining
33:38 Caravan
35:07 Bodkin Arrow
38:17 Imperial Age
38:01 Forging
39:02 Bracer
39:38 Plate Barding Armor
38:28 Cavalier
MON
0:26 Loom
11:28 Feudal Age
17:01 Castle Age
16:46 Double-Bit Axe
18:13 Bow Saw
20:30 Horse Collar
20:51 Stone Mining
22:54 Heavy Plow
26:04 Crossbowman
29:13 Thumb Ring
34:38 Imperial Age
32:45 Wheelbarrow
31:56 Town Watch
32:20 Fletching
33:30 Ballistics
33:06 Murder Holes
36:08 Chemistry
36:28 Kamandaran
36:13 Pikeman
37:07 Forging
37:03 Scale Barding Armor
37:01 Scale Mail Armor
40:12 Halberdier
40:37 Gambesons
43:34 Bodkin Arrow
43:39 Padded Archer Armor
44:15 Iron Casting
43:46 Scale Barding Armor
47:02 Citadels
47:18 Conscription
Autumn
4:27 Loom
10:34 Feudal Age
12:12 Double-Bit Axe
12:30 Fishing Lines
13:23 Horse Collar
18:53 Castle Age
17:53 Forging
17:59 Champi Runner
20:26 Squires
19:48 Pikeman
20:54 Heavy Plow
21:56 Iron Casting
21:56 Scale Mail Armor
21:22 Champi Warrior
22:22 Bow Saw
22:03 Gold Mining
23:30 Wheelbarrow
23:26 Gillnets
25:54 Gold Shaft Mining
26:34 Hand Cart
32:02 Imperial Age
29:36 Treadmill Crane
30:20 Chain Mail Armor
30:09 Fletching
31:05 Herbalism
32:32 Ballistics
34:20 Crop Rotation
34:54 Two-Man Saw
33:47 Stone Mining
34:39 Conscription
35:38 Chemistry
35:22 Plate Mail Armor
34:48 Bodkin Arrow
34:42 Elite Champi Warrior
34:49 Elite Guecha Warrior
36:48 Bracer
37:42 Siege Engineers
40:46 Padded Archer Armor
44:13 Leather Archer Armor
45:35 Fervor
46:48 Elite Temple Guard
chen
10:39 Feudal Age
11:27 Double-Bit Axe
16:39 Horse Collar
20:25 Castle Age
21:35 Bow Saw
22:06 Heavy Plow
23:55 Elite Skirmisher
25:40 Wheelbarrow
26:48 Forging
32:15 Imperial Age
30:35 Padded Archer Armor
30:27 Fletching
32:33 Iron Casting
32:04 Scale Barding Armor
32:27 Heavy Camel Rider
33:39 Conscription
33:48 Hand Cart
35:39 Chain Barding Armor
35:36 Leather Archer Armor
35:17 Bodkin Arrow
35:38 Husbandry
35:57 Thumb Ring
40:47 Plate Barding Armor
40:43 Ring Archer Armor
40:14 Bracer
41:37 Elite Cataphract
Connection lost

Rejoining the realm…

Still unreachable

The connection could not be restored.

Session expired

The server has moved on; the page needs a fresh start.